Map: Prion Terraces

Players

LiquidMaNa (MaNa) - Winner!

  • Race: Protoss Protoss
  • League: Master

MajeStic

  • Race: Protoss Protoss
  • League: Grandmaster

Event: DreamHack ZOWIE Open Leipzig

VOD

Have the link to the VOD?

Description

Time

  • Played on: Jan. 22, 2016, 8:34 a.m.
  • Length: 4:34

All games in this series

Show
View Real Time Build Order
Export as new Build Order

LiquidMaNa Protoss - Winner!

Build Orders:  

Get SALT Encoding   

  12  0:00  Probe (Chrono Boost)  
  13  0:11  Probe (Chrono Boost)  
  14  0:18  Pylon  
  14  0:22  Probe (Chrono Boost)  
  15  0:36  Probe (Chrono Boost)  
  15  0:37  Gateway  
  16  0:47  Probe (Chrono Boost)  
  16  0:48  Assimilator  
  17  0:57  Probe (Chrono Boost)  
  17  0:58  Assimilator  
  18  1:08  Probe (Chrono Boost)  
  18  1:09  Gateway  
  20  1:18  Probe (Chrono Boost)  
  20  1:25  Cybernetics Core  
  20  1:29  Probe (Chrono Boost)  
  20  1:31  Pylon  
  21  1:39  Probe (Chrono Boost)  
  22  1:50  Probe (Chrono Boost)  
  23  2:01  Stalker x2, Warp Gate (Chrono Boost)  
  27  2:15  Pylon  
  27  2:31  Stalker x2  
  27  2:35  Robotics Facility  
  31  2:44  Gateway  
  31  3:01  Stalker x2  
  35  3:16  Pylon  
  35  3:23  Immortal (Chrono Boost)  
  39  3:46  Pylon  
  39  3:52  Stalker x2  
  39  3:54  Stalker  
  45  4:19  Adept  
  45  4:20  Adept  
Show
View Real Time Build Order
Export as new Build Order

MajeStic Protoss 

Build Orders: 1 Gate Expand, Oracle Opening 

Get SALT Encoding   

  12  0:01  Probe (Chrono Boost)  
  13  0:11  Probe (Chrono Boost)  
  14  0:17  Pylon  
  14  0:22  Probe (Chrono Boost)  
  15  0:36  Probe (Chrono Boost)  
  15  0:38  Gateway  
  16  0:44  Assimilator  
  16  0:46  Probe (Chrono Boost)  
  18  0:57  Probe (Chrono Boost)  
  18  1:07  Probe (Chrono Boost)  
  19  1:18  Probe (Chrono Boost)  
  20  1:21  Nexus  
  20  1:31  Cybernetics Core  
  20  1:34  Probe (Chrono Boost)  
  20  1:39  Assimilator  
  21  1:44  Probe (Chrono Boost)  
  22  1:48  Pylon  
  22  1:55  Probe (Chrono Boost)  
  23  2:07  Probe (Chrono Boost)  
  23  2:08  Adept (Chrono Boost), Warp Gate (Chrono Boost)  
  26  2:19  Mothership Core (Chrono Boost)  
  28  2:29  Pylon  
  28  2:33  Probe (Chrono Boost)  
  28  2:34  Adept (Chrono Boost)  
  31  2:37  Probe (Chrono Boost)  
  31  2:43  Probe  
  32  2:48  Stargate  
  32  2:49  Probe (Chrono Boost)  
  34  2:54  Probe (Chrono Boost)  
  35  3:01  Probe (Chrono Boost)  
  35  3:05  Probe (Chrono Boost), Pylon  
  37  3:11  Stalker (Chrono Boost)  
  39  3:17  Pylon  
  36  3:31  Probe  
  36  3:32  Probe  
  38  3:37  Stalker (Chrono Boost)  
  40  3:48  Gateway x2  
  40  3:55  Pylon  
  40  3:56  Oracle (Chrono Boost)  
  40  4:00  Probe x2  
  38  4:17  Sentry  
  39  4:25  Gateway  

Tags
 
Add a new tag
Caveats
  • Supply blocks, unpowered buildings, or Contaminate may cause inaccurate times.
  • Supply counts are checked every 10 seconds.